 Dungeon Crawl Stone Soup version 0.29.1-15-g9cfb28693d (webtiles) character file.

Game seed: 12480493389406777114

24948 Eitelfritz the Fencer (level 12, -8/113 HPs)
             Began as a Minotaur Gladiator on Apr 13, 2023.
             Was a High Priest of Wu Jian.
             Killed from afar by a rime drake (22 damage)
             ... with a flash freeze
             ... on level 2 of the Lair of Beasts.
             The game lasted 00:38:44 (17697 turns).

Eitelfritz the Fencer (Minotaur Gladiator)         Turns: 17697, Time: 00:38:47

Health: -8/113     AC: 18    Str: 22    XL:     12   Next: 85%
Magic:  11/11      EV: 15    Int: 10    God:    Wu Jian [*****.]
Gold:   690        SH:  0    Dex: 12    Spells: 11/11 levels left

rFire   + . .      SeeInvis +   a - +1 scimitar
rCold   + . .      Faith    .   (no shield)
rNeg    . . .      Spirit   .   t - +1 chain mail {Will+}
rPois   +          Reflect  .   c - +2 hat
rElec   .          Harm     .   F - scarf {rC+ rF+}
rCorr   +          Rampage  .   (no gloves)
Will    ++++.                   w - +1 pair of boots
Stlth   ..........              K - amulet of Intercession {Acrobat Will++}
HPRegen 0.28/turn               v - +4 ring of evasion
MPRegen 0.12/turn               C - ring "Piewow" {rPois Will+ rCorr Int+3 SInv}

@: studying 3 skills
A: horns 2, retaliatory headbutt
a: Renounce Religion, Wall Jump, Serpent's Lash, Heavenly Storm


You were on level 2 of the Lair of Beasts.
You worshipped Wu Jian.
Wu Jian was extremely pleased with you.
You visited 3 branches of the dungeon, and saw 15 of its levels.

You collected 1467 gold pieces.
You spent 777 gold pieces at shops.

Inventory:

Hand Weapons
 a - a +1 scimitar (weapon)
 b - a +0 shortbow
 p - a +3 great sword
 B - a +0 morningstar of protection
Missiles
 d - 7 throwing nets
 e - 5 javelins
 m - 38 poisoned darts (quivered)
 H - 5 curare-tipped darts
Armour
 c - a +2 hat (worn)
 t - a +1 chain mail of willpower (worn)
 w - a +1 pair of boots (worn)
 D - a +1 plate armour of fire resistance
 F - a scarf of resistance (worn)
 P - a +0 buckler
Jewellery
 j - a +6 ring of strength
 k - an amulet of reflection
 n - an amulet of guardian spirit
 o - a +6 ring of dexterity
 s - a ring of protection from fire
 v - a +4 ring of evasion (left hand)
 C - the ring "Piewow" (right hand) {rPois Will+ rCorr Int+3 SInv}
   (You acquired it on level 3 of the Dungeon)

   [ring of poison resistance]

   Int:       It affects your intelligence (+3).
   rPois:     It protects you from poison.
   SInv:      It lets you see invisible.
   rCorr:     It protects you from acid and corrosion.
   Will:      It increases your willpower.
 K - the amulet of Intercession (around neck) {Acrobat Will++}
   (You found it on level 7 of the Dungeon)

   [amulet of the acrobat]

   It increases your evasion while moving and waiting.
   Will:      It greatly increases your willpower.
Wands
 u - a wand of paralysis (8)
 J - a wand of flame (27)
 R - a wand of mindburst (9)
Scrolls
 y - 5 scrolls of teleportation
 A - a scroll of blinking
 E - 5 scrolls of butterflies
 G - a scroll of fear
 M - a scroll of amnesia
 N - a scroll of enchant weapon
 Q - 3 scrolls of identify
 S - a scroll of magic mapping
 W - a scroll of poison
 Z - a scroll of enchant armour
Potions
 f - 2 potions of berserk rage
 g - 4 potions of brilliance
 h - 2 potions of ambrosia
 i - 2 potions of attraction
 l - 7 potions of curing
 q - a potion of invisibility
 r - 6 potions of magic
 x - 2 potions of lignification
 z - a potion of mutation
 I - 2 potions of flight
 L - a potion of resistance
 O - 2 potions of cancellation
 V - 2 potions of might


   Skills:
 + Level 12.8 Fighting
 + Level 18.7 Long Blades
 + Level 2.6 Throwing
 + Level 14.5 Armour
 + Level 7.1 Dodging
 + Level 2.7 Stealth


You had 11 spell levels left.
You didn't know any spells.
Your spell library contained the following spells:

 Spells                   Type           Power      Damage    Failure   Level
 Freeze                   Ice            0%         1d3       88%         1
 Magic Dart               Conj           0%         1d3       88%         1
 Necrotise                Necr           0%         1d4       88%         1
 Sandblast                Erth           0%         2d4       88%         1
 Call Imp                 Summ           0%         N/A       95%         2
 Ensorcelled Hibernation  Hex/Ice        0%         N/A       95%         2
 Passwall                 Tmut/Erth      0%         N/A       95%         2
 Call Canine Familiar     Summ           0%         N/A       99%         3
 Frozen Ramparts          Ice            0%         1d1       99%         3
 Mephitic Cloud           Conj/Pois/Air  0%         N/A       99%         3
 Portal Projectile        Hex/Tloc       0%         N/A       99%         3
 Stone Arrow              Conj/Erth      0%         3d7       99%         3
 Swiftness                Air            0%         N/A       99%         3
 Vampiric Draining        Necr           0%         2d6       99%         3
 Hailstorm                Conj/Ice       0%         3d3       100%        4
 Leda's Liquefaction      Hex/Erth       0%         N/A       100%        4
 Summon Lightning Spire   Summ/Air       0%         N/A       100%        4
 Agony                    Necr           0%         N/A       100%        5
 Lee's Rapid Deconstruct  Erth           0%         3d5*      100%        5
 Statue Form              Tmut/Erth      0%         N/A       100%        6
 Storm Form               Tmut/Air       0%         N/A       100%        7
 Maxwell's Capacitive Co  Air            0%         ∞         100%        8


Dungeon Overview and Level Annotations

Branches:
Dungeon (12/15)            Temple (1/1) D:7            Lair (2/5) D:11
    Orc (0/2) D:10
  Swamp: Lair:2-3    Shoals: Lair:2-3     Snake: Lair:2-3    Spider: Lair:2-3

Altars:
Ashenzari
Cheibriados
Dithmenos
Elyvilon
Fedhas
Gozag
Hepliaklqana
Kikubaaqudgha
Makhleb
Nemelex Xobeh
Okawaru
Qazlal
Ru
Sif Muna
Trog
Uskayaw
Vehumet
Wu Jian
Xom
Yredelemnul
Zin
The Shining One

Shops:
D:1 (   D:9 (?!:   D:11 *

Portals:
Trove: D:10 (give 5 scrolls of blinking)

Annotations:
D:9 6 runed translucent doors


Innate Abilities, Weirdness & Mutations

You have a pair of horns on your head.
You reflexively headbutt those who attack you in melee.


Message History

The elephant is heavily wounded.
You slash the elephant!
The elephant is moderately wounded.
Aiming: Wall Jump
Press: ? - help, Dir - move target You repeatedly attack the blink frog from above.
You slash the blink frog!
The blink frog is moderately wounded.
You slash the blink frog!
The blink frog is severely wounded.
You hit the blink frog. You headbutt the blink frog.
You kill the blink frog!
The Council accepts your kill.
You repeatedly attack the blink frog from above.
You slice the blink frog!!
The blink frog is severely wounded.
You slash the blink frog!
You kill the blink frog!
The Council accepts your kill.
You repeatedly attack the elephant from above.
You slash the elephant!
The elephant is moderately wounded.
You slash the elephant!
The elephant is heavily wounded.
You slash the elephant!
The elephant is severely wounded.
The elephant tramples you but does no damage.
The elephant trunk-slaps you but does no damage.
The elephant tramples you!
* * * LOW HITPOINT WARNING * * *
You hold your ground!
The elephant trunk-slaps you.
* * * LOW HITPOINT WARNING * * *
The elephant tramples you but does no damage.
The elephant trunk-slaps you but does no damage.
The elephant tramples you!
* * * LOW HITPOINT WARNING * * *
You stumble backwards!
The rime drake breathes ice at you. The flash freeze hits you!!
You partially resist.
You die...

.... P... .#### ###.P. ###
##.... #....###
.#..##.#..#######.P#...#.#
............##$..........
#.........^.##○Y........
.........##PYY........
##........#k@○........
#.......F#†+..........
#..........#..........
#..........#.+#####.##
##.......####.# ##
###...<### #P.# ##.##.#..#
##..# #........# #.#.##
#........# ###..####


You could see 3 elephants and a rime drake (catching breath).

Vanquished Creatures
  Harold (D:9)
  8 two-headed ogres
  An ogre mage (D:10)
  A tengu warrior (D:9)
  A manticore (D:11)
  An ugly thing (D:9)
  A cyclops (D:11)
  6 elephants
  An unseen horror (D:11)
  A cane toad (Lair:1)
  2 komodo dragons (Lair:1)
  A hornet (D:8)
  13 blink frogs
  A culicivora (shapeshifter) (D:9)
  A jumping spider (D:9)
  5 spriggans (D:8)
  29 yaks
  2 wyverns
  5 wraiths
  A shadow (D:7)
  A steam dragon (D:9)
  A redback (D:9)
  A vampire mosquito (D:10)
  An acid dragon (D:8)
  4 water moccasins
  2 ice beasts
  2 orc warriors
  2 ogres (D:5)
  10 centaurs
  4 wolves (Lair:1)
  5 kobold brigands
  A phantom (D:4)
  4 bullfrogs
  2 necrophages
  4 scorpions
  A gnoll sergeant (D:10)
  6 wights (D:8)
  11 killer bees
  3 howler monkeys
  3 electric eels
  2 hounds (D:6)
  A jelly (D:6)
  A gnoll bouda (D:6)
  8 orc priests
  3 iguanas
  Natasha (thrice) (D:3)
  17 orc wizards
  Robin (D:3)
  7 gnolls
  12 adders
  An ufetubus (D:4)
  3 worms
  4 dart slugs
  37 orcs
  A bat (D:2)
  5 endoplasms
  2 giant cockroaches
  19 goblins
  7 hobgoblins
  2 jackals (D:4)
  3 quokkas
  9 ball pythons
  7 frilled lizards
  15 kobolds
  7 rats
  A spectral hobgoblin (D:2)
328 creatures vanquished.

Vanquished Creatures (others)
  5 dream sheep (D:7)
  A kobold (D:9)
  2 fungi (Lair:2)
  6 plants
14 creatures vanquished.

Grand Total: 342 creatures vanquished

Notes
Turn   | Place    | Note
-------+----------+-------------------------------------------
     0 | D:1      | Eitelfritz the Minotaur Gladiator began the quest for the
                  | Orb.
     0 | D:1      | Reached XP level 1. HP: 18/18 MP: 0/0
   391 | D:1      | Reached XP level 2. HP: 25/25 MP: 1/1
   413 | D:1      | Found Xadiwn's Weapon Boutique.
   622 | D:1      | Reached skill level 4 in Long Blades
   875 | D:1      | Reached XP level 3. HP: 30/30 MP: 2/2
   985 | D:2      | Reached skill level 1 in Armour
  1202 | D:2      | Found an ornate altar of the Wu Jian Council.
  1208 | D:2      | Became a worshipper of the Wu Jian Council
  1555 | D:2      | Found a faded altar of an unknown god.
  1722 | D:2      | Reached XP level 4. HP: 37/37 MP: 3/3
  2208 | D:3      | Noticed Robin
  2251 | D:3      | Killed Robin
  2252 | D:3      | Reached skill level 5 in Long Blades
  2643 | D:3      | Noticed Natasha
  2651 | D:3      | Killed Natasha
  2652 | D:3      | Reached XP level 5. HP: 37/45 MP: 4/4
  2777 | D:3      | Noticed Natasha
  2781 | D:3      | Killed Natasha
  2821 | D:3      | Noticed Natasha
  2826 | D:3      | Killed Natasha
  3209 | D:3      | Identified 2 scrolls of acquirement
  3209 | D:3      | Acquired the ring "Piewow" {rPois Will+ rCorr Int+3 SInv}
  3329 | D:4      | Reached XP level 6. HP: 51/51 MP: 5/5
  3437 | D:4      | Reached * piety under Wu Jian
  3451 | D:4      | Reached skill level 6 in Long Blades
  3925 | D:4      | Found an opulent altar of Gozag.
  3928 | D:4      | Found a hide-covered altar of Uskayaw.
  3933 | D:4      | Found a broken altar of Ashenzari.
  4119 | D:5      | Entered Level 5 of the Dungeon
  4139 | D:5      | Reached skill level 7 in Long Blades
  4139 | D:5      | Reached XP level 7. HP: 58/58 MP: 6/6
  4311 | D:5      | Reached skill level 5 in Armour
  4816 | D:5      | Noticed a wraith
  4839 | D:5      | Killed a wraith
  4840 | D:5      | Reached skill level 8 in Long Blades
  5257 | D:5      | Reached XP level 8. HP: 28/67 MP: 7/7
  5258 | D:5      | Reached ** piety under Wu Jian
  5963 | D:6      | Reached skill level 5 in Fighting
  6278 | D:6      | Reached skill level 9 in Long Blades
  6693 | D:6      | Acquired 711 gold pieces
  6727 | D:7      | Identified the amulet of Intercession {Acrobat Will++}
  6782 | D:7      | Reached skill level 1 in Stealth
  6900 | D:7      | Found a staircase to the Ecumenical Temple.
  6918 | D:7      | Reached skill level 10 in Long Blades
  6918 | D:7      | Reached XP level 9. HP: 74/78 MP: 8/8
  6921 | Temple   | Entered the Ecumenical Temple
  7018 | D:7      | Reached skill level 5 in Dodging
  7417 | D:7      | Found a shimmering altar of Xom.
  7612 | D:8      | Reached skill level 11 in Long Blades
  7763 | D:8      | Reached *** piety under Wu Jian
  8057 | D:8      | Reached XP level 10. HP: 68/88 MP: 9/9
  8061 | D:8      | Reached skill level 12 in Long Blades
  9147 | D:8      | Acquired a manual of Long Blades
  9399 | D:9      | Reached **** piety under Wu Jian
  9546 | D:9      | Noticed a white ugly thing
  9548 | D:9      | Noticed a tengu warrior
  9627 | D:9      | Killed a tengu warrior
  9628 | D:9      | Reached skill level 13 in Long Blades
 10285 | D:9      | Killed a white ugly thing
 10632 | D:9      | Noticed Harold
 10643 | D:9      | Killed Harold
 10644 | D:9      | Reached skill level 14 in Long Blades
 10958 | D:9      | Reached skill level 10 in Armour
 10966 | D:9      | Reached XP level 11. HP: 74/99 MP: 10/10
 11190 | D:9      | Reached skill level 15 in Long Blades
 11196 | D:9      | Found Qugaofut's Antique Weapon Shoppe.
 11196 | D:9      | Found Ykoag's Distillery.
 11197 | D:9      | Found Fozukhlu's Magic Scroll Shoppe.
 11197 | D:9      | Found Xefaclof's Book Shoppe.
 11332 | D:9      | Bought a scroll of acquirement for 520 gold pieces
 11332 | D:9      | Bought a scroll of enchant weapon for 75 gold pieces
 11338 | D:9      | Bought 2 potions of curing for 78 gold pieces
 11338 | D:9      | Bought 2 potions of might for 104 gold pieces
 11594 | D:9      | Found a runed translucent door.
 11874 | D:9      | Found a runed translucent gate.
 11874 | D:9      | Found a runed translucent gate.
 11874 | D:9      | Found a runed translucent gate.
 11874 | D:9      | Found a runed translucent gate.
 11874 | D:9      | Found a runed translucent gate.
 11874 | D:9      | Found a runed translucent gate.
 11874 | D:9      | Noticed a boulder beetle
 11874 | D:9      | Noticed a lindwurm
 12282 | D:10     | Entered Level 10 of the Dungeon
 12282 | D:10     | Noticed a two-headed ogre
 12293 | D:9      | Killed a two-headed ogre
 12294 | D:9      | Reached skill level 10 in Fighting
 12604 | D:10     | Found a staircase to the Orcish Mines.
 12867 | D:10     | Found a portal to a secret trove of treasure.
 12912 | D:10     | Noticed a two-headed ogre
 12919 | D:10     | Killed a two-headed ogre
 13185 | D:10     | Noticed a two-headed ogre
 13206 | D:10     | Killed a two-headed ogre
 13207 | D:10     | Reached skill level 16 in Long Blades
 13618 | D:10     | Noticed a two-headed ogre
 13618 | D:10     | Noticed a two-headed ogre
 13618 | D:10     | Noticed an ogre mage
 13629 | D:10     | Killed a two-headed ogre
 13634 | D:10     | Killed an ogre mage
 13642 | D:10     | Killed a two-headed ogre
 13714 | D:10     | Noticed a two-headed ogre
 14035 | D:10     | Killed a two-headed ogre
 14036 | D:10     | Reached XP level 12. HP: 38/110 MP: 11/11
 14378 | D:10     | Noticed a two-headed ogre
 14397 | D:10     | Killed a two-headed ogre
 14750 | D:10     | Acquired a manual of Dodging
 14789 | D:11     | Reached skill level 17 in Long Blades
 14825 | D:11     | Noticed a two-headed ogre
 14829 | D:11     | Killed a two-headed ogre
 15338 | D:11     | Found Jyrisk's Assorted Antiques.
 15384 | D:11     | Found a staircase to the Lair.
 15602 | D:12     | Noticed a four-headed hydra
 15670 | Lair:1   | Entered Level 1 of the Lair of Beasts
 15878 | Lair:1   | Reached ***** piety under Wu Jian
 16403 | Lair:1   | Reached skill level 18 in Long Blades
 17697 | Lair:2   | Killed from afar by a rime drake

Illustrated notes

Levels and vault maps discovered:
D:1:      dpeg_arrival_castle, layout_loops_ring, serial_shops,
          nicolae_shop_bloodbath_and_beyond
D:2:      layout_basic, dreamdust_ecumenical_altar_drowned_temple, basic_altar
D:3:      layout_basic, st_stairs_14, corner_web_ring,
          minmay_randomly_rotated_circles, uniq_natasha, uniq_robin
D:4:      layout_loops_cross, grunt_temple_overflow_diamond
D:5:      layout_loops_corners, chequers_jeans
D:6:      layout_rooms, kennysheep_generic_room_10
D:7:      layout_basic, kb_xom_exploding_sheep, minmay_temple_entry_ruins,
          corexii_corridor_pit, grunt_decor_arrowhead
D:8:      kb_forest_paths, layout_basic
D:9:      gammafunk_indiana_jones, layout_loops_ring, minmay_misc_feat_tower,
          kennysheep_another_room, nicolae_water_bricks, grunt_ministairs_8,
          minmay_shop_grid_forest, minmay_crystal_water, minmay_misc_feat_iff,
          minmay_mirror_moons_of_madness, uniq_harold
D:10:     cheibrodos_barr_body, layout_rooms, orc_0_dummy, enter_trove_0,
          chequers_serial_rivers_large_b, dreamdust_deal_with_the_devil
D:11:     layout_roguey, lair_entry_dummy, serial_shops, shop_statue,
          nrook_pool_corridor
D:12:     layout_layer_cave, uniq_snorg, uniq_sonja, uniq_azrael
Temple:   nicolae_temple_no_exploring_needed
Lair:1:   layout_gridlike, serial_bayou_shore_b
Lair:2:   layout_roguey, skrybe_swamp_entry_bodies, guppyfry_snake_entry_garden

Skill      XL: |  1  2  3  4  5  6  7  8  9 10 11 12 |
---------------+-------------------------------------+-----
Long Blades    | 4 5 7 8 10 11 14 16 18 | 18.7
Armour         | 1 2 3 4 5 7 8 10 13 14 | 14.5
Dodging        | 4 5 6 7 |  7.1
Fighting       | 3 4 6 8 9 11 12 | 12.8
Stealth        | 1 2 |  2.7
Throwing       | |  2.6

Action                   |  1- 3 |  4- 6 |  7- 9 | 10-12 || total
-------------------------+-------+-------+-------+-------++-------
Melee: Long sword        |    82 |   140 |   172 |       ||   394
       Headbutt          |     9 |    18 |    71 |   182 ||   280
       Scimitar          |       |       |   155 |   783 ||   938
       Punch             |       |       |     1 |    11 ||    12
Throw: Dart              |       |       |     3 |     5 ||     8
Invok: Lunge             |     5 |    17 |    23 |    49 ||    94
       Whirlwind         |       |     2 |    22 |    42 ||    66
 Abil: Wall Jump         |       |       |       |     1 ||     1
  Use: Scroll            |       |    15 |    10 |    12 ||    37
       Potion            |       |       |       |     6 ||     6
 Stab: Distracted        |       |       |       |     1 ||     1
Armor: Leather armour    |     2 |       |       |       ||     2
       Scale mail        |    23 |    34 |    23 |       ||    80
       Chain mail        |       |       |   118 |   257 ||   375
Dodge: Dodged            |    53 |    76 |   220 |   442 ||   791
